 Dungeon Crawl Stone Soup version 0.22.1-1-ga44c0e56f4 (webtiles) character file.

244573 Gargoyl the Schismatic (level 19, -5/161 HPs)
             Began as a Centaur Abyssal Knight on Oct 29, 2018.
             Was an Elder of Lugonu.
             Slain by a hell beast (11 damage)
             ... summoned by a deep elf demonologist
             ... while paralysed by a floating eye
             ... on level 3 of the Vaults on Oct 30, 2018.
             The game lasted 01:30:59 (56192 turns).

Gargoyl the Schismatic (Centaur Abyssal Knight)    Turns: 56192, Time: 01:31:01

Health: -5/161     AC: 30    Str: 20    XL:     19   Next: 15%
Magic:  27/27      EV:  1    Int: 18    God:    Lugonu [****..]
Gold:   1438       SH:  0    Dex: 17    Spells: 18/18 levels left

rFire    + + .     SeeInvis +   w - +9 hand axe (elec)
rCold    + . .     Gourm    .   F - +4 shield {reflect}
rNeg     . . .     Faith    .   K - +0 storm dragon scales
rPois    +         Spirit   .   C - +0 helmet of the Good {Dex+3}
rElec    +         Reflect  +   Z - scarf {rC+ rF+}
rCorr    .         Harm     .   t - +2 pair of gloves of Qeokluta {Int+4}
MR       +++..                  r - +4 centaur barding {rF+}
Stlth    ..........             L - +3 amulet of reflection
HPRegen  0.36/turn              E - ring of Puygakak {MR+ SInv}
MPRegen  0.20/turn              k - ring "Tehiaw" {rPois MR+ Int+5}

@: paralysed, very slightly contaminated, very quick
A: large, hooves 3, see invisible, agile 1, deformed body, dopey 1, speed 2, low
mp 1, tough skin 3, no potion heal 1, MP-powered wands
}: 1/15 runes: serpentine
a: Depart the Abyss, Bend Space, Banish, Corrupt, Renounce Religion


You were on level 3 of the Vaults.
You worshipped Lugonu.
Lugonu was greatly pleased with you.
You were not hungry.

You visited 5 branches of the dungeon, and saw 30 of its levels.
You visited the Abyss 3 times.
You also visited: Labyrinth, Sewer and Bailey.

You collected 3609 gold pieces.
You spent 2171 gold pieces at shops.

Inventory:

Hand Weapons
 w - a +9 hand axe of electrocution (weapon)
 H - a +3 war axe of venom
 J - a +1 broad axe of holy wrath
 V - a +2 hand axe of flaming
Missiles
 u - 34 javelins (quivered)
Armour
 r - a +4 centaur barding of fire resistance (worn)
 t - the +2 pair of gloves of Qeokluta (worn) {Int+4}
   (You found it on level 4 of the Dungeon)

   It affects your intelligence (+4).
 C - the +0 helmet of the Good (worn) {Dex+3}
   (You found it on level 1 of the Vaults)

   It affects your dexterity (+3).
 F - a +4 shield of reflection (worn)
 K - +0 storm dragon scales (worn)
 T - a +2 chain mail of magic resistance
 Z - a scarf of resistance (worn)
Jewellery
 k - the ring "Tehiaw" (right hand) {rPois MR+ Int+5}
   (You acquired it on level 1 of the Snake Pit)

   [ring of intelligence]

   It affects your intelligence (+5).
   It protects you from poison.
   It affects your resistance to hostile enchantments.
 q - an uncursed ring of magical power
 y - an uncursed ring of positive energy
 E - the ring of Puygakak (left hand) {MR+ SInv}
   (You bought it in a shop on level 4 of the Dungeon)

   [ring of protection from magic]

   It affects your resistance to hostile enchantments.
   It lets you see invisible.
 I - an uncursed ring of poison resistance
 L - a +3 amulet of reflection (around neck)
 O - an uncursed ring of wizardry
 Y - an uncursed ring of protection from cold
Wands
 d - a wand of acid (14)
 m - a wand of random effects (26)
 W - a wand of digging (25)
 X - a wand of scattershot (4)
Scrolls
 e - 21 scrolls of remove curse
 f - 4 scrolls of immolation
 l - 3 scrolls of blinking
 o - 15 scrolls of teleportation
 s - 4 scrolls of identify
 v - 11 scrolls of fear
 B - 4 scrolls of magic mapping
 Q - 3 scrolls of fog
 S - a scroll of amnesia
Potions
 b - 3 potions of might
 g - 7 potions of brilliance
 p - 7 potions of curing
 x - 2 potions of invisibility
 z - 2 potions of ambrosia
 A - 3 potions of cancellation
 D - a potion of berserk rage
 N - 4 potions of magic
 P - 4 potions of agility
 U - a potion of haste
Miscellaneous
 G - 2 sacks of spiders
 M - a box of beasts
Comestibles
 c - 25 rations


   Skills:
 + Level 12.5 Fighting
 + Level 14.8 Axes
 + Level 2.5 Throwing
 * Level 15.0 Armour
 + Level 5.4 Dodging
 + Level 10.9 Shields
 * Level 16.2 Invocations


You had 18 spell levels left.
You didn't know any spells.
Your spell library contained the following spells:

 Spells                   Type           Power        Failure   Level  Hunger
 Animate Skeleton         Necr           N/A          75%         1    ##.....
 Apportation              Tloc           #.....       75%         1    ##.....
 Confusing Touch          Hex            #.....       75%         1    ##.....
 Shock                    Conj/Air       #...         75%         1    ##.....
 Sting                    Conj/Pois      #...         75%         1    ##.....
 Summon Butterflies       Summ           #.......     75%         1    ##.....
 Summon Small Mammal      Summ           #...         75%         1    ##.....
 Blink                    Tloc           N/A          87%         2    ###....
 Passwall                 Tmut/Erth      #.......     87%         2    ###....
 Poisonous Vapours        Pois/Air       #.....       87%         2    ###....
 Swiftness                Chrm/Air       #.......     87%         2    ###....
 Conjure Flame            Conj/Fire      #.......     98%         3    ####...
 Gell's Gravitas          Tloc           #.........   98%         3    ####...
 Lesser Beckoning         Tloc           #.........   98%         3    ####...
 Mephitic Cloud           Conj/Pois/Air  #.......     98%         3    ####...
 Recall                   Summ/Tloc      N/A          98%         3    ####...
 Static Discharge         Conj/Air       #.......     98%         3    ####...
 Tukima's Dance           Hex            #.......     98%         3    ####...
 Airstrike                Air            #.........   100%        4    #####..
 Animate Dead             Necr           N/A          100%        4    #####..
 Olgreb's Toxic Radiance  Pois           #.......     100%        4    #####..
 Passage of Golubria      Tloc           N/A          100%        4    #####..
 Alistair's Intoxication  Tmut/Pois      #.......     100%        5    ######.
 Bolt of Magma            Conj/Fire/Erth #.........   100%        5    ######.
 Borgnjor's Vile Clutch   Necr/Erth      #.........   100%        5    ######.
 Iskenderun's Battlesphe  Conj/Chrm      #.......     100%        5    ######.
 Lee's Rapid Deconstruct  Erth           #.........   100%        5    ######.
 Lightning Bolt           Conj/Air       #.........   100%        5    ######.
 Venom Bolt               Conj/Pois      #.........   100%        5    ######.
 Darkness                 Hex            #.........   100%        6    #######
 Death Channel            Necr           #.........   100%        6    #######
 Dispersal                Tloc           #.........   100%        6    #######
 Freezing Cloud           Conj/Ice/Air   #.........   100%        6    #######
 Invisibility             Hex            #.......     100%        6    #######
 Iron Shot                Conj/Erth      #.........   100%        6    #######
 Simulacrum               Ice/Necr       #.........   100%        6    #######
 Orb of Destruction       Conj           #.........   100%        7    #######
 Ring of Flames           Chrm/Fire      #.........   100%        7    #######
 Spellforged Servitor     Conj/Summ      #.........   100%        7    #######
 Disjunction              Tloc           #.........   100%        8    #######


Dungeon Overview and Level Annotations

Branches:
Dungeon (15/15)            Temple (0/1) D:4            Lair (6/6) D:10
 Shoals (0/4) Lair:4        Snake (4/4) Lair:4        Slime (0/5) Lair:5
    Orc (2/2) D:10            Elf (0/3) Orc:2        Vaults (3/5) D:14
  Crypt (0/3) Vaults:2     Depths (0/5) D:15

Altars:
Ashenzari
Elyvilon
Gozag
Hepliaklqana
Makhleb
Nemelex Xobeh
Qazlal
Sif Muna
Trog
Yredelemnul
Zin
The Shining One
Beogh

Shops:
D:4 =   D:13 *   Orc:1 }   Orc:2 ?!}(*   Snake:1 !   Snake:3 *   Vaults:1 *
Vaults:2 ((

Annotations:
D:2 Sigmund
D:8 Psyche
Vaults:2 Mennas


Innate Abilities, Weirdness & Mutations

You have hooves in place of feet.
Armour fits poorly on your strangely shaped body.
You cover ground very quickly.
You have extremely tough skin. (AC +3)
You have supernaturally acute eyesight. (SInv)
You are agile. (Dex +2)
You are dopey. (Int -2)
Your magical capacity is low. (-10% MP)
Potions are less effective at restoring your health.
You expend magic power (3 MP) to strengthen your wands.


Message History

Your system partially rejects the healing.
You feel better.
Your system partially rejects the healing.
You feel better.
The tormentor calls on the powers of darkness!
Your body is wracked with pain!
* * * LOW HITPOINT WARNING * * *
Your system partially rejects the healing.
You feel better.
The floating eye turns its gaze towards you.
The floating eye gazes piercingly through you!
You suddenly lose the ability to move!
The hell beast bites you.
* * * LOW HITPOINT WARNING * * *
The hell beast tramples you.
* * * LOW HITPOINT WARNING * * *
You hold your ground!
The floating eye's stare focuses on you.
The hell beast bites you!
You die...

.#######..2...[.......)...#######
.##....#...............(..#....##
.##....'.2............).[.'....##
.##....#..................#....##
.##'##########################'##
.##...............[[...........##
.##.......2......)[[[..........##
.###############2.###############
.###############@################
....................G............
..................############...
...############...#.......[..#...
)..#..........#...#..........#...
)..#..........#...#..........'...
..(#..........#...#......<...#...
...#..........#...#..........#...
...#..........#...#..........#...


You could see a hell beast and a floating eye.

Vanquished Creatures
  Saint Roka (Snake:2)
  2 liches
  Rupert (D:12)
  The ghost of Jannitor the Warrior, an adept OgTm of Kikubaaqudgha (Vaults:1)
  The ghost of toph the Warrior, an adept GrEE of Vehumet (Vaults:1)
  Gastronok (Lair:3)
  2 sphinxes
  A shadow dragon (Vaults:3)
  Kirke (D:12)
  8 nagarajas
  A tengu reaver (Vaults:3)
  A storm dragon (Vaults:2)
  2 fire giants (Vaults:3)
  A frost giant (Vaults:3)
  8 vault wardens
  A ghoul (Vaults:2)
  6 ironheart preservers
  Nessos (D:13)
  A deep elf demonologist (Vaults:2)
  Azrael (D:13)
  6 stone giants
  A minotaur (Lab)
  A jiangshi (Vaults:2)
  Josephine (D:13)
  3 yaktaur captains
  A fire dragon (Vaults:2)
  2 great orbs of eyes
  10 vault guards
  2 ice dragons
  10 naga warriors
  5 centaur warriors
  A rakshasa (Vaults:1)
  A death knight (Vaults:1)
  3 catoblepae
  27 two-headed ogres
  A tengu warrior (D:13)
  10 anacondas
  17 death yaks
  A satyr (shapeshifter) (Vaults:2)
  8 ogre magi
  7 naga sharpshooters
  Urug (D:12)
  2 shock serpents
  A vampire mage (Vaults:2)
  The ghost of Baz the Tainter, a journeyman FeVM of Dithmenos (Lair:3)
  2 deep elf knights
  A shadow wraith (Vaults:2)
  A skeletal warrior (Vaults:1)
  3 salamander mystics
  3 glowing orange brains
  3 wizards
  16 naga ritualists
  2 deep elf archers
  4 ironbrand convokers
  5 harpies (Vaults:1)
  A phantasmal warrior (Vaults:3)
  3 necromancers
  11 mana vipers
  8 orc knights
  4 deep elf magi
  2 wolf spiders
  A wolf spider zombie (D:14)
  6 cyclopes
  2 manticores (Lair:6)
  6 orc sorcerers
  A cyclops (shapeshifter) (Vaults:3)
  2 worldbinders (Abyss:1)
  5 salamanders
  11 ugly things
  A guardian serpent (shapeshifter) (Vaults:1)
  38 black mambas
  Maurice (D:11)
  9 vault sentinels
  23 naga magi
  6 centaur skeletons
  2 gargoyles
  An orange demon (Abyss:1)
  2 spiny frogs
  2 torpor snails
  3 rime drakes
  An efreet (D:15)
  9 yaktaurs
  3 komodo dragons
  A komodo dragon (shapeshifter) (Vaults:3)
  5 freezing wraiths
  An entropy weaver simulacrum (Vaults:1)
  2 ancient zymes (Abyss:1)
  3 polar bears
  7 trolls
  5 large abominations
  Grinder (D:5)
  8 slime creatures
  15 blink frogs
  Prince Ribbit (D:8)
  3 hornets
  7 dream sheep
  A slime creature (shapeshifter) (Vaults:3)
  A harpy skeleton (D:13)
  A raiju (Abyss:1)
  5 hippogriffs
  A stone giant simulacrum (Vaults:3)
  A shadow (D:15)
  A spriggan (D:11)
  A basilisk (Lair:4)
  2 small abominations (Abyss:1)
  7 wraiths
  A ynoxinul (Abyss:1)
  5 wyverns
  A neqoxec (Abyss:1)
  47 yaks
  A hungry ghost (D:8)
  2 hogs (D:12)
  19 humans (D:14)
  A steam dragon (D:11)
  42 nagas
  5 wargs
  2 insubstantial wisps (D:11)
  A soldier ant (D:13)
  4 hell hounds (D:13)
  12 water moccasins
  Duvessa (D:5)
  32 orc warriors
  4 porcupines
  2 black bears
  4 sky beasts (D:11)
  4 phantoms
  A black bear (shapeshifter) (D:13)
  4 ice beasts
  An eye of draining (shapeshifter) (Vaults:3)
  36 ogres
  2 necrophages
  A boggart (shapeshifter) (Vaults:1)
  10 centaurs
  17 crocodiles
  4 big kobolds
  29 bullfrogs
  2 gnoll sergeants
  An earth elemental (Lab)
  Dowan (D:5)
  A wyvern skeleton (D:7)
  A scorpion (D:7)
  A water moccasin skeleton (D:6)
  7 killer bees
  5 wights
  A howler monkey (D:14)
  A spriggan skeleton (Lab)
  4 centaur zombies
  6 crimson imps
  4 starcursed masses (Abyss:1)
  4 jellies
  2 quasits
  A bullfrog zombie (D:13)
  An iron imp (Abyss:1)
  5 hounds
  15 orc priests
  Jessica (D:3)
  4 bullfrog skeletons
  25 orc wizards
  4 iguanas
  15 worker ants
  A hound zombie (D:9)
  2 hound skeletons
  15 gnolls
  13 adders
  7 river rats
  4 shadow imps
  A white imp (Abyss:1)
  2 oozes
  3 worms
  2 dart slugs
  6 leopard geckos
  79 orcs
  8 giant cockroaches
  7 goblins
  4 hobgoblins
  6 jackals
  33 kobolds
  5 quokkas
  10 ball pythons
  7 bats
  3 frilled lizards (D:5)
  A quokka skeleton (D:7)
  27 rats
  2 fungi (Lair:6)
  A lurking horror (Abyss:1)
1105 creatures vanquished.

Vanquished Creatures (collateral kills)
  A frost giant (Vaults:3)
  An ettin (Vaults:3)
  A naga warrior (Snake:4)
  A glowing orange brain (shapeshifter) (Vaults:3)
  A harpy (shapeshifter) (Vaults:3)
  A salamander (Snake:4)
  A black mamba (Snake:4)
  2 naga magi (Snake:4)
  A freezing wraith (Vaults:3)
  A hippogriff (shapeshifter) (Vaults:3)
  An ogre (D:11)
  A centaur zombie (D:11)
  An orc (D:11)
14 creatures vanquished.

Vanquished Creatures (others)
  A tengu reaver (Vaults:2)
  4 hydras
  A cyclops (Vaults:1)
  A salamander (Snake:4)
  An ugly thing (D:12)
  A manticore (Lair:4)
  4 black mambas
  A gargoyle (D:10)
  2 yaktaurs
  A blink frog (Lair:4)
  A naga (Snake:2)
  3 orc warriors (Bailey)
  2 centaurs
  A bullfrog skeleton (D:12)
  A worker ant (D:12)
  A bush (Abyss:2)
  6 demonic plants (Abyss:2)
  4 fungi
  10 plants
  4 withered plants (Vaults:1)
50 creatures vanquished.

Grand Total: 1169 creatures vanquished

Notes
Turn   | Place    | Note
-------+----------+-------------------------------------------
     0 | Abyss:1  | Gargoyl the Centaur Abyssal Knight began the quest for the
                  | Orb.
     0 | Abyss:1  | Reached XP level 1. HP: 19/19 MP: 2/2
    32 | Abyss:1  | Noticed a reaper
    38 | Abyss:1  | Noticed a red very ugly thing
    39 | Abyss:1  | Noticed a large abomination
    89 | Abyss:2  | Noticed a smoke demon
    89 | D:1      | Escaped the Abyss
    93 | D:1      | Noticed a vampire
    93 | D:1      | Noticed a felid
    95 | D:1      | Noticed a demonspawn
    95 | D:1      | Noticed an elf
    97 | D:1      | Noticed a centaur
    97 | D:1      | Noticed an octopode
    99 | D:1      | Noticed a ghoul
   101 | D:1      | Noticed an ogre
   101 | D:1      | Noticed a gargoyle
   103 | D:1      | Noticed a dwarf
   103 | D:1      | Noticed a naga
   105 | D:1      | Noticed a human
   105 | D:1      | Noticed a troll
   107 | D:1      | Noticed a draconian
   107 | D:1      | Noticed a merfolk
   109 | D:1      | Noticed a vine stalker
   111 | D:1      | Noticed a formicid
   113 | D:1      | Noticed a tengu
   113 | D:1      | Noticed a demigod
   115 | D:1      | Noticed a minotaur
   115 | D:1      | Noticed a spriggan
   117 | D:1      | Noticed a halfling
   200 | D:1      | Reached * piety under Lugonu
   200 | D:1      | Reached XP level 2. HP: 26/26 MP: 3/3
   464 | D:1      | Reached XP level 3. HP: 21/31 MP: 4/4
  1096 | D:2      | Reached skill level 1 in Dodging
  1096 | D:2      | Reached XP level 4. HP: 33/40 MP: 4/6
  1148 | D:2      | Noticed Sigmund
  1734 | D:3      | Found a stormy altar of Qazlal.
  1813 | D:3      | Noticed Jessica
  1819 | D:3      | Killed Jessica
  1819 | D:3      | Reached skill level 3 in Invocations
  1819 | D:3      | Reached XP level 5. HP: 42/46 MP: 7/7
  1880 | D:3      | Reached ** piety under Lugonu
  2471 | D:4      | Got a pair of faintly humming gloves
  2477 | D:4      | Identified the +2 pair of gloves of Qeokluta {Int+4} (You
                  | found it on level 4 of the Dungeon)
  2713 | D:4      | Found Ifeif's Jewellery Emporium.
  2882 | D:4      | Found a staircase to the Ecumenical Temple.
  3396 | D:5      | Entered Level 5 of the Dungeon
  3514 | D:5      | Reached XP level 6. HP: 48/52 MP: 8/8
  3738 | D:5      | Noticed Dowan
  3745 | D:5      | Noticed Duvessa
  4155 | D:5      | Noticed Grinder
  4178 | D:5      | Killed Grinder
  4178 | D:5      | Reached skill level 4 in Invocations
  4178 | D:5      | Reached XP level 7. HP: 51/59 MP: 8/10
  4283 | D:5      | Killed Duvessa
  4286 | D:5      | Killed Dowan
  4544 | D:5      | Found a bloodstained altar of Trog.
  4962 | D:6      | Reached *** piety under Lugonu
  4965 | D:6      | Found a glowing drain.
  4982 | Sewer    | Entered a sewer
  5086 | Sewer    | Reached XP level 8. HP: 66/67 MP: 11/11
  5209 | Sewer    | Reached **** piety under Lugonu
  5677 | D:6      | Reached skill level 5 in Axes
  5974 | D:6      | Found a basalt altar of Yredelemnul.
  6175 | D:6      | Reached skill level 5 in Invocations
  6294 | D:6      | Reached skill level 5 in Armour
  6575 | D:6      | Found a glowing golden altar of the Shining One.
  6798 | D:7      | Found an opulent altar of Gozag.
  6799 | D:7      | Found a glowing silver altar of Zin.
  7056 | D:7      | Found a basalt altar of Yredelemnul.
  7056 | D:7      | Noticed an oklob plant
  7067 | D:7      | Reached XP level 9. HP: 58/72 MP: 13/13
  7349 | D:7      | Found a white marble altar of Elyvilon.
  7511 | D:7      | Banished an oklob plant
  7648 | D:8      | Reached skill level 6 in Invocations
  7759 | D:8      | Noticed Prince Ribbit
  7776 | D:8      | Killed Prince Ribbit
  7776 | D:8      | Reached skill level 5 in Fighting
  8002 | D:8      | Reached skill level 1 in Shields
  8080 | D:8      | Reached skill level 1 in Throwing
  8162 | D:8      | Reached XP level 10. HP: 79/81 MP: 13/15
  8223 | D:8      | Reached ***** piety under Lugonu
  8392 | D:4      | Bought the ring of Puygakak {MR+ SInv} for 434 gold pieces
  8824 | D:8      | Noticed Psyche
  9180 | D:9      | Found a burning altar of Makhleb.
  9217 | D:9      | Found a shattered altar of Ashenzari.
  9259 | D:9      | Found a hazy altar of Hepliaklqana.
  9263 | D:9      | Found a deep blue altar of Sif Muna.
  9268 | D:9      | Found a sparkling altar of Nemelex Xobeh.
  9816 | D:10     | Entered Level 10 of the Dungeon
 10037 | D:10     | Reached skill level 7 in Invocations
 10668 | D:10     | Noticed a gargoyle
 10696 | D:10     | Banished a gargoyle
 11012 | D:10     | Noticed a centaur warrior
 11024 | D:10     | Killed a centaur warrior
 11424 | D:10     | Reached XP level 11. HP: 77/89 MP: 16/16
 11428 | D:10     | Reached skill level 8 in Invocations
 11536 | D:10     | Found a staircase to the Orcish Mines.
 11553 | D:10     | Found a roughly hewn altar of Beogh.
 12019 | D:10     | Found a staircase to the Lair.
 12212 | Lair:1   | Entered Level 1 of the Lair of Beasts
 14496 | Lair:2   | Gained mutation: Your spells are a little harder to cast,
                  | but a little more powerful. [potion of mutation]
 14496 | Lair:2   | Gained mutation: You are dopey. (Int -2) [potion of
                  | mutation]
 14496 | Lair:2   | Lost mutation: You are dopey. (Int -2) [potion of mutation]
 14931 | Lair:3   | Noticed Gastronok
 15130 | Lair:2   | Reached skill level 9 in Invocations
 15476 | Lair:3   | Killed Gastronok
 15476 | Lair:3   | Reached XP level 12. HP: 62/97 MP: 18/18
 15685 | Lair:3   | Found a runed gate.
 15685 | Lair:3   | Found a runed gate.
 15685 | Lair:3   | Found a runed gate.
 15738 | Lair:3   | Noticed Baz's ghost (journeyman FeVM)
 15789 | Lair:3   | Killed Baz's ghost
 15789 | Lair:3   | Reached skill level 10 in Axes
 16483 | Lair:4   | Found a staircase to the Shoals.
 16489 | Lair:4   | Noticed a four-headed hydra
 16521 | Lair:3   | Banished a four-headed hydra
 17106 | Lair:4   | Reached skill level 10 in Armour
 17439 | Lair:4   | Noticed a five-headed hydra
 17444 | Lair:4   | Banished a five-headed hydra
 17840 | Lair:4   | Reached skill level 10 in Invocations
 17849 | Lair:4   | Found a staircase to the Snake Pit.
 18638 | Lair:5   | Found a staircase to the Slime Pits.
 18700 | Lair:5   | Noticed a death yak
 18719 | Lair:5   | Noticed a death yak
 18720 | Lair:5   | Noticed a death yak
 18721 | Lair:5   | Noticed a death yak
 18723 | Lair:5   | Killed a death yak
 18723 | Lair:5   | Noticed a death yak
 18824 | Lair:5   | Killed a death yak
 18826 | Lair:5   | Noticed a death yak
 19120 | Lair:4   | Killed a death yak
 19124 | Lair:4   | Killed a death yak
 19360 | Lair:5   | Killed a death yak
 19366 | Lair:5   | Killed a death yak
 19571 | Lair:5   | Noticed a death yak
 19572 | Lair:5   | Noticed a death yak
 19572 | Lair:5   | Noticed a death yak
 19780 | Lair:4   | Killed a death yak
 19780 | Lair:4   | Reached XP level 13. HP: 35/105 MP: 20/20
 21192 | Lair:5   | Identified 2 scrolls of acquirement
 21538 | Lair:6   | Entered Level 6 of the Lair of Beasts
 22086 | Lair:6   | Reached skill level 11 in Invocations
 24725 | D:11     | Found a labyrinth entrance.
 24725 | D:11     | Noticed Maurice
 24739 | D:11     | Killed Maurice
 24745 | Lab      | Entered a labyrinth
 25510 | Lab      | Noticed a minotaur
 25525 | Lab      | Killed a minotaur
 25526 | Lab      | Identified Emyic's Compendium of the Traveller
 25958 | D:11     | Reached XP level 14. HP: 85/116 MP: 22/22
 26724 | D:12     | Noticed Urug
 26746 | D:12     | Killed Urug
 27261 | D:12     | Noticed Rupert
 27270 | D:12     | Killed Rupert
 27347 | D:12     | Noticed Kirke
 27359 | D:12     | Killed Kirke
 28130 | D:13     | Noticed Nessos
 28269 | D:13     | Killed Nessos
 28414 | D:13     | Noticed Josephine
 28431 | D:13     | Killed Josephine
 28431 | D:13     | Reached skill level 12 in Invocations
 28447 | D:13     | Reached ****** piety under Lugonu
 28568 | D:13     | Noticed Azrael
 28599 | D:13     | Killed Azrael
 28599 | D:13     | Reached skill level 5 in Shields
 29178 | D:13     | Found Lifag's Assorted Antiques.
 29201 | D:13     | Bought a potion of heal wounds for 165 gold pieces
 29201 | D:13     | Bought a potion of heal wounds for 165 gold pieces
 29456 | D:14     | Found a flagged portal.
 29466 | Bailey   | Entered a bailey
 30422 | D:14     | Found a gate to the Vaults.
 30574 | D:14     | Found a deep blue altar of Sif Muna.
 31084 | D:15     | Entered Level 15 of the Dungeon
 31548 | D:15     | Reached XP level 15. HP: 114/124 MP: 22/24
 31847 | D:15     | Found a staircase to the Depths.
 32141 | Orc:1    | Entered Level 1 of the Orcish Mines
 32141 | Orc:1    | Found a runed door.
 32246 | Orc:1    | Found a roughly hewn altar of Beogh.
 32489 | Orc:1    | Found Mutac's Gadget Shop.
 32792 | Orc:1    | Found a roughly hewn altar of Beogh.
 32825 | Orc:2    | Entered Level 2 of the Orcish Mines
 32869 | Orc:2    | Found Buschouq's Magic Scroll Boutique.
 33068 | Orc:2    | Found a staircase to the Elven Halls.
 33335 | Orc:2    | Reached skill level 13 in Invocations
 34532 | Orc:2    | Found Weceh's Antique Weapon Emporium.
 34532 | Orc:2    | Found Fop Wuve's Assorted Antiques.
 34533 | Orc:2    | Found Vuppib's Distillery.
 34533 | Orc:2    | Found Tomus's Gadget Emporium.
 34546 | Orc:2    | Bought 2 potions of curing for 192 gold pieces
 34548 | Orc:2    | Bought a potion of curing for 45 gold pieces
 34548 | Orc:2    | Bought a potion of curing for 45 gold pieces
 34548 | Orc:2    | Bought a potion of might for 60 gold pieces
 34548 | Orc:2    | Bought a potion of curing for 45 gold pieces
 34582 | Orc:2    | Found a roughly hewn altar of Beogh.
 34924 | Snake:1  | Entered Level 1 of the Snake Pit
 34924 | Snake:1  | Found Teno's Distillery.
 34938 | Snake:1  | Bought a potion of heal wounds for 95 gold pieces
 34938 | Snake:1  | Bought a potion of mutation for 152 gold pieces
 34938 | Snake:1  | Bought a potion of haste for 190 gold pieces
 34939 | Snake:1  | Lost mutation: Your spells are a little harder to cast, but
                  | a little more powerful. [potion of mutation]
 34939 | Snake:1  | Gained mutation: Potions are less effective at restoring
                  | your health. [potion of mutation]
 34939 | Snake:1  | Gained mutation: You have supernaturally acute eyesight.
                  | (SInv) [potion of mutation]
 34939 | Snake:1  | Gained mutation: You are resistant to hostile enchantments.
                  | (MR+) [potion of mutation]
 34940 | Snake:1  | Lost mutation: You are resistant to hostile enchantments.
                  | (MR+) [potion of mutation]
 34940 | Snake:1  | Lost mutation: Potions are less effective at restoring your
                  | health. [potion of mutation]
 34940 | Snake:1  | Gained mutation: Your natural rate of healing is unusually
                  | fast. [potion of mutation]
 34940 | Snake:1  | Gained mutation: You are agile. (Dex +2) [potion of
                  | mutation]
 34940 | Snake:1  | Gained mutation: You are occasionally teleported next to
                  | monsters. [potion of mutation]
 34940 | Snake:1  | Gained mutation: You are very agile. (Dex +4) [potion of
                  | mutation]
 34941 | Snake:1  | Lost mutation: Your natural rate of healing is unusually
                  | fast. [potion of mutation]
 34941 | Snake:1  | Lost mutation: You are occasionally teleported next to
                  | monsters. [potion of mutation]
 34941 | Snake:1  | Lost mutation: You are very agile. (Dex +4) [potion of
                  | mutation]
 34941 | Snake:1  | Gained mutation: Your magical capacity is low. (-10% MP)
                  | [potion of mutation]
 34941 | Snake:1  | Gained mutation: Potions are less effective at restoring
                  | your health. [potion of mutation]
 34941 | Snake:1  | Gained mutation: You are dopey. (Int -2) [potion of
                  | mutation]
 34941 | Snake:1  | Gained mutation: You expend magic power (3 MP) to
                  | strengthen your wands. [potion of mutation]
 36597 | Snake:2  | Noticed Saint Roka
 36814 | Snake:1  | Got a translucent steel ring
 36816 | Snake:1  | Identified the ring "Tehiaw" {rPois MR+ Int+5} (You
                  | acquired it on level 1 of the Snake Pit)
 37287 | Snake:2  | Noticed a nagaraja
 37378 | Snake:2  | Killed a nagaraja
 37378 | Snake:2  | Reached XP level 16. HP: 26/134 MP: 23/23
 37775 | Snake:2  | Reached skill level 10 in Fighting
 39164 | Snake:2  | Killed Saint Roka
 39738 | Snake:3  | Found Teysea's Assorted Antiques.
 40020 | Snake:3  | Bought a scroll of enchant weapon for 202 gold pieces
 40020 | Snake:3  | Bought 2 scrolls of teleportation for 162 gold pieces
 40020 | Snake:3  | Bought a scroll of teleportation for 81 gold pieces
 40474 | Snake:3  | Found a glowing golden altar of the Shining One.
 41476 | Snake:4  | Entered Level 4 of the Snake Pit
 41509 | Snake:4  | Reached skill level 14 in Invocations
 42057 | Snake:4  | HP: 3/135 [naga warrior/glaive of flaming (9)]
 42057 | Snake:4  | HP: 1/135 [naga warrior/glaive of flaming (2)]
 42517 | Abyss:1  | Noticed a lich
 42544 | Abyss:1  | Killed a lich
 42842 | Snake:4  | Escaped the Abyss
 43731 | Snake:4  | Reached XP level 17. HP: 137/141 MP: 24/24
 46001 | Snake:4  | Got a serpentine rune of Zot
 46627 | Vaults:1 | Entered Level 1 of the Vaults
 46639 | Vaults:1 | Found Deyweo's General Store.
 47449 | Vaults:1 | Found a runed gate.
 47449 | Vaults:1 | Found a runed gate.
 47450 | Vaults:1 | Found a runed gate.
 47451 | Vaults:1 | Noticed Jannitor's ghost (adept OgTm)
 47992 | Abyss:1  | Reached skill level 5 in Dodging
 48212 | Abyss:1  | Found a corrupted altar of Lugonu.
 48213 | Vaults:1 | Escaped the Abyss
 48513 | Vaults:1 | Reached skill level 15 in Invocations
 49229 | Vaults:1 | Reached XP level 18. HP: 100/151 MP: 26/26
 49892 | Vaults:1 | Noticed toph's ghost (adept GrEE)
 49979 | Vaults:1 | Killed Jannitor's ghost
 49995 | Vaults:1 | Killed toph's ghost
 50361 | Vaults:1 | Got a steaming helmet
 50372 | Vaults:1 | Identified the +0 helmet of the Good {Dex+3} (You found it
                  | on level 1 of the Vaults)
 50511 | Vaults:2 | Reached skill level 10 in Shields
 50912 | Vaults:2 | Found Caqit's Weapon Shop.
 51629 | Vaults:2 | Noticed a lich
 51655 | Vaults:2 | Killed a lich
 52293 | Vaults:2 | Found a staircase to the Crypt.
 52426 | Vaults:2 | Found Cilalued's Weapon Shoppe.
 52456 | Vaults:2 | Bought a +0 broad axe of holy wrath for 138 gold pieces
 52822 | Vaults:3 | Noticed Mennas
 54375 | Vaults:3 | Reached skill level 16 in Invocations
 54670 | Vaults:3 | Paralysed by a floating eye for 2 turns
 54679 | Vaults:3 | Paralysed by a floating eye for 2 turns
 55329 | Vaults:3 | Reached XP level 19. HP: 129/161 MP: 27/27
 55774 | Vaults:3 | Reached skill level 15 in Armour
 56170 | Vaults:3 | HP: 4/161 [reaper/scythe of protection[a deep elf
                  | demonologist] (20)]
 56191 | Vaults:3 | Paralysed by a floating eye for 3 turns
 56192 | Vaults:3 | HP: 6/161 [hell beast[a deep elf demonologist] (5)]
 56192 | Vaults:3 | Slain by a hell beast

Skill      XL: |  1  2  3  4  5  6  7  8  9 10 11 12 13 14 15 16 17 18 19 |
---------------+----------------------------------------------------------+-----
Axes           | 2 3 4 6 7 8 9 10 11 12 13 14 | 14.8
Dodging        | 1 2 3 4 5 |  5.4
Armour         | 2 4 5 6 8 9 10 11 12 13 14 15 | 15.0
Invocations    | 3 4 5 6 7 9 10 11 12 13 14 15 16 | 16.2
Fighting       | 4 5 6 7 8 9 10 11 12 | 12.5
Shields        | 1 2 4 5 7 8 9 10 | 10.9
Throwing       | 1 2 |  2.5

Action                   |  1- 3 |  4- 6 |  7- 9 | 10-12 | 13-15 | 16-18 | 19-21 || total
-------------------------+-------+-------+-------+-------+-------+-------+-------++-------
Melee: Hand axe          |    87 |   162 |   292 |   757 |  1359 |  1691 |    83 ||  4431
       Kick              |    11 |    24 |    67 |   218 |   392 |   614 |    36 ||  1362
       War axe           |       |       |       |       |       |     5 |       ||     5
Throw: Tomahawk          |       |     3 |       |       |       |       |       ||     3
       Javelin           |       |       |     5 |    13 |     8 |     4 |       ||    30
Invok: Depart the Abyss  |     1 |       |       |       |       |     2 |       ||     3
       Banish            |       |       |     1 |    10 |     8 |    17 |     1 ||    37
       Enter the Abyss   |       |       |       |       |       |     2 |       ||     2
       Bend Space        |       |       |       |       |       |     1 |       ||     1
  Use: Scroll            |     9 |     3 |    10 |     8 |    27 |    16 |     2 ||    75
       Potion            |       |       |     1 |     3 |    11 |    18 |     5 ||    38
 Stab: Petrified         |       |       |       |       |     7 |       |       ||     7
       Distracted        |       |       |       |       |       |     2 |       ||     2
  Eat: Chunk             |       |     7 |     7 |    22 |    36 |    10 |     1 ||    83
       Ration            |       |       |     2 |     4 |     5 |    14 |     1 ||    26
Armor: Leather armour    |    72 |     6 |       |       |       |       |       ||    78
       Ring mail         |       |    63 |    73 |       |       |       |       ||   136
       Chain mail        |       |       |   124 |   435 |   722 |   462 |       ||  1743
       Storm dragon scal |       |       |       |       |       |   105 |    47 ||   152
Dodge: Dodged            |    58 |    72 |    93 |   166 |   161 |   175 |    13 ||   738
Block: Buckler           |       |    15 |    39 |   104 |    20 |       |       ||   178
       Large shield      |       |       |       |       |   124 |       |       ||   124
       Shield            |       |       |       |       |   753 |  1044 |    83 ||  1880
       Reflection        |       |       |       |       |    71 |   105 |       ||   176
